[Event "Titled Tuesday Blitz July 11 Early 2023"]
[White "Tokman, Ariel"]
[Black "Rian, Kapriaga"]
[WhiteFideId "117420"]
[BlackFideId "7103263"]
[WhiteElo "2519"]
[BlackElo "2387"]
[Result "1-0"]
[Round "11"]
[TimeControl "180+2"]
[Date "2023.07.11"]
[WhiteClock "0:00:12"]
[BlackClock "0:00:00"]
[Board "97"]

1. c4 e6 2. Nc3 d5 3. d4 Nf6 4. Nf3 Be7 5. g3 O-O 6. Bg2 dxc4 7. Qa4 c5 8. dxc5 Bxc5 9. Qxc4 Be7 10. O-O Nc6 11. Rd1 Qa5 12. Bg5 h6 13. Bf4 e5 14. Be3 Be6 15. Qb5 Qc7 16. Rac1 Rfd8 17. Rxd8+ Rxd8 18. Qa4 a6 19. a3 Ng4 20. Bd2 Qb6 21. Be1 Qxb2 22. Rb1 Qxa3 23. Qxa3 Bxa3 24. Rxb7 Bb4 25. h3 Nf6 26. Rb6 Rc8 27. Nxe5 Nxe5 28. Rxb4 Bc4 29. f4 Ned7 30. Kf2 h5 31. Rb7 Nc5 32. Ra7 Ne8 33. Bd2 Nf6 34. Be3 Ne6 35. f5 Nc5 36. Bd4 Ncd7 37. e3 Kh8 38. Ne4 Nxe4+ 39. Bxe4 Nf6 40. Bf3 Kg8 41. Bxf6 gxf6 42. Bxh5 Rd8 43. e4 Bb5 44. Bf3 Rd2+ 45. Ke3 Rb2 46. Kf4 Rf2 47. Ke3 Rb2 48. h4 Rb3+ 49. Kf4 Rb2 50. Bd1 Rd2 51. Bb3 Rd3 52. Bxf7+ 1-0


[Site "https://www.chess.com"]

[Event "Titled Tuesday Blitz July 11 Early 2023"]
[White "Seletsky, Grigory"]
[Black "Malyi, Viacheslav"]
[WhiteFideId "14112191"]
[BlackFideId "14123983"]
[WhiteElo "2384"]
[BlackElo "2513"]
[Result "1-0"]
[Round "11"]
[TimeControl "180+2"]
[Date "2023.07.11"]
[WhiteClock "0:00:15"]
[BlackClock "0:00:00"]
[Board "98"]

1. a3 e5 2. c4 Nf6 3. d3 a5 4. Nc3 Nc6 5. Bg5 Bc5 6. Nf3 h6 7. Bh4 d6 8. e3 Ba7 9. Be2 Be6 10. O-O Qd7 11. d4 exd4 12. exd4 d5 13. Bxf6 gxf6 14. c5 Ke7 15. Re1 Rag8 16. Qa4 h5 17. b4 axb4 18. axb4 Bb8 19. b5 Nd8 20. c6 bxc6 21. Qb4+ Qd6 22. Qb3 c5 23. Qxd5 Bxd5 24. Nxd5+ Kf8 25. Bc4 Kg7 26. Nh4 Qd7 27. Re7 Qg4 28. Ne3 Qg5 29. Nhf5+ Kg6 30. h4 Qf4 31. g3 Qf3 32. Bd5 Qe2 33. dxc5 Ne6 34. Be4 Nxc5 35. Bc2 Re8 36. Rxe8 Rxe8 37. Nd4+ Qxc2 38. Nexc2 Nd3 39. Kg2 Ne5 40. Ra8 Rc8 41. Nb4 c5 42. bxc6 Rd8 43. Nb5 Bc7 44. Nxc7 1-0


[Site "https://www.chess.com"]

[Event "Titled Tuesday Blitz July 11 Early 2023"]
[White "Bogaudinov, Rushan"]
[Black "Turzo, Attila"]
[WhiteFideId "4129288"]
[BlackFideId "704954"]
[WhiteElo "2357"]
[BlackElo "2508"]
[Result "1/2-1/2"]
[Round "11"]
[TimeControl "180+2"]
[Date "2023.07.11"]
[WhiteClock "0:00:11"]
[BlackClock "0:00:04"]
[Board "99"]

1. e4 d6 2. Nc3 Nf6 3. Nf3 g6 4. d4 Bg7 5. Be2 O-O 6. O-O a6 7. Re1 b5 8. e5 Nfd7 9. Bf4 Bb7 10. a3 dxe5 11. Nxe5 Nxe5 12. dxe5 Qc8 13. Bg4 e6 14. Bf3 Nc6 15. Ne4 Nxe5 16. Bxe5 Bxe5 17. c3 Bg7 18. Nc5 Bxf3 19. Qxf3 Rd8 20. Rad1 Rd6 21. Ne4 Rd8 22. Nc5 Bf8 23. Ne4 Be7 24. h4 c5 25. Ng5 Bxg5 26. hxg5 Qc7 27. Qf6 Rd7 28. Rxd7 Qxd7 29. b4 cxb4 30. cxb4 Qd8 31. Qe5 Rc8 32. Re3 Rc1+ 33. Kh2 Qc7 34. Qxc7 Rxc7 35. Rd3 Rc6 36. Kg3 Kg7 37. f4 h6 38. gxh6+ Kxh6 39. Kg4 Kg7 40. Kf3 Kf6 41. g4 Ke7 42. Ke4 Rc4+ 43. Kf3 f6 44. Ke3 e5 45. fxe5 fxe5 46. g5 Rg4 47. Rd5 Rxg5 48. Ke4 Rh5 49. Rc5 Rh3 50. Rc7+ Kf6 51. Rc6+ Kf7 52. Rxa6 g5 53. Kxe5 Rf3 54. Ra5 g4 55. Ke4 Rxa3 56. Rxb5 Rb3 57. Rg5 g3 58. b5 Kf6 59. Rg8 Ke6 60. Kf4 Kd5 61. Rg5+ Kd6 62. Rg6+ Kc5 63. b6 Rxb6 64. Rg5+ Kb4 65. Rxg3 Rf6+ 66. Ke5 Rc6 67. Kd5 Rc3 68. Rxc3 Kxc3 1/2-1/2


[Site "https://www.chess.com"]

[Event "Titled Tuesday Blitz July 11 Early 2023"]
[White "Ljukin, Sergei"]
[Black "Wang2007"]
[WhiteFideId "14102200"]
[WhiteElo "2493"]
[BlackElo "2332"]
[Result "1-0"]
[Round "11"]
[TimeControl "180+2"]
[Date "2023.07.11"]
[WhiteClock "0:02:44"]
[BlackClock "0:01:18"]
[Board "100"]

1. e4 c5 2. Nf3 d6 3. d4 cxd4 4. Nxd4 Nf6 5. Nc3 g6 6. Be3 Bg7 7. f3 O-O 8. Qd2 Nc6 9. O-O-O d5 10. Kb1 Nxd4 11. e5 Nf5 12. exf6 exf6 13. Nxd5 Be6 14. Bc5 Re8 15. Bb5 1-0


[Site "https://www.chess.com"]

[Event "Titled Tuesday Blitz July 11 Early 2023"]
[White "Magallanes, Rey Jomar"]
[Black "Avazkhonov, Alikhon"]
[WhiteFideId "5205948"]
[BlackFideId "14208504"]
[WhiteElo "2285"]
[BlackElo "2448"]
[Result "0-1"]
[Round "11"]
[TimeControl "180+2"]
[Date "2023.07.11"]
[WhiteClock "0:00:52"]
[BlackClock "0:00:06"]
[Board "101"]

1. e4 c5 2. Nf3 d6 3. d4 cxd4 4. Nxd4 Nf6 5. Nc3 a6 6. Be2 e5 7. Nb3 Be7 8. O-O O-O 9. Qd3 b5 10. Bd2 Bb7 11. Nd5 Nxd5 12. exd5 Nd7 13. Na5 Qc7 14. Nxb7 Qxb7 15. f4 Nc5 16. Qf3 e4 17. Qh5 g6 18. Qh6 Qxd5 19. Bc3 f6 20. Rad1 Qf7 21. f5 d5 22. fxg6 hxg6 23. h4 Rad8 24. Bd4 Ne6 25. Bb6 Rb8 26. Be3 d4 27. Bxd4 Nxd4 28. Rxd4 Bc5 29. c3 Rbd8 30. Bd1 Bxd4+ 31. cxd4 Qh7 32. Bb3+ Kh8 33. Qf4 Rxd4 34. Rc1 Rd7 35. Qxe4 Qe7 36. Qxg6 Qe3+ 37. Kh2 Qxc1 38. Qh5+ Rh7 39. Qg4 Qh6 40. g3 Rg7 41. Qf3 f5 42. Bc2 f4 43. Kh1 Rxg3 44. Qxg3 fxg3 45. Bf5 Qxh4+ 0-1


[Site "https://www.chess.com"]

[Event "Titled Tuesday Blitz July 11 Early 2023"]
[White "Mmukka"]
[Black "Gyulamiryan-koryun"]
[WhiteElo "2440"]
[BlackElo "1859"]
[Result "1-0"]
[Round "11"]
[TimeControl "180+2"]
[Date "2023.07.11"]
[WhiteClock "0:01:25"]
[BlackClock "0:00:00"]
[Board "102"]

1. e4 e5 2. Nf3 Nc6 3. Bb5 a6 4. Ba4 Nf6 5. d3 d6 6. c3 b5 7. Bc2 Bg4 8. Nbd2 Be7 9. O-O O-O 10. Re1 Qc8 11. Nf1 Bh5 12. Ng3 Bg6 13. Nh4 Qg4 14. Nhf5 Qxd1 15. Rxd1 Bd8 16. a4 b4 17. d4 b3 18. Bxb3 Nxe4 19. Bd5 Nxg3 20. Nxg3 Bh4 21. Bxc6 Rab8 22. dxe5 dxe5 23. b4 Bf6 24. Be3 Bc2 25. Rd2 Bb3 26. Ne4 Be7 27. Nc5 Be6 28. Nxa6 Rbd8 29. Rad1 Rxd2 30. Rxd2 Bd6 31. Bc5 Bc4 32. Bxd6 cxd6 33. b5 Rd8 34. Nb4 Kf8 35. b6 Ke7 36. a5 1-0


[Site "https://www.chess.com"]

[Event "Titled Tuesday Blitz July 11 Early 2023"]
[White "Kantans, Toms"]
[Black "Ishowmoves57"]
[WhiteFideId "11602945"]
[WhiteElo "2619"]
[BlackElo "2170"]
[Result "1-0"]
[Round "11"]
[TimeControl "180+2"]
[Date "2023.07.11"]
[WhiteClock "0:00:08"]
[BlackClock "0:00:00"]
[Board "103"]

1. e4 c5 2. Nf3 Nc6 3. Bb5 g6 4. c3 Bg7 5. d4 cxd4 6. cxd4 d5 7. exd5 Qxd5 8. Nc3 Qd8 9. d5 a6 10. Ba4 b5 11. dxc6 bxa4 12. Qxa4 Nf6 13. O-O O-O 14. Rd1 Qc7 15. Bf4 Qb6 16. Be5 Bg4 17. Bd4 Qc7 18. Rd3 Bxf3 19. Rxf3 Rfc8 20. Bxf6 Bxf6 21. Nd5 Qxc6 22. Nxf6+ exf6 23. Qxc6 Rxc6 24. g3 Rc2 25. b3 Rd8 26. Rxf6 Rdd2 27. a4 Kg7 28. Rf3 Rb2 29. Rc1 Rd7 30. Rc6 Rb7 31. Rcc3 a5 32. h4 h5 33. Kf1 Rb1+ 34. Kg2 Rb2 35. Rc5 R2xb3 36. Rxb3 Rxb3 37. Rxa5 Ra3 38. Ra7 Kf6 39. a5 Kg7 40. a6 Kf6 41. Ra8 Kg7 42. Kf1 Ra2 43. Ke1 Kf6 44. f3 Kg7 45. Kd1 Ra3 46. Ke2 Ra2+ 47. Ke3 Ra3+ 48. Ke4 Ra4+ 49. Kd5 Ra3 50. Kc6 Rxf3 51. Rb8 Rc3+ 52. Kb7 Rb3+ 53. Kc7 Ra3 54. Kb7 Rb3+ 55. Ka8 Rxg3 56. a7 Rh3 57. Rb4 Ra3 58. Kb7 Kf6 59. Rb6+ Kf5 60. Ra6 Rb3+ 61. Kc7 Rc3+ 62. Kd7 Rd3+ 63. Ke7 Rd8 64. Kxd8 1-0


[Site "https://www.chess.com"]

[Event "Titled Tuesday Blitz July 11 Early 2023"]
[White "Mejia, Cherry Ann"]
[Black "Thecourseoisildur"]
[WhiteFideId "5206880"]
[WhiteElo "2384"]
[BlackElo "2527"]
[Result "0-1"]
[Round "11"]
[TimeControl "180+2"]
[Date "2023.07.11"]
[WhiteClock "0:00:00"]
[BlackClock "0:00:01"]
[Board "105"]

1. e4 c5 2. Nc3 Nc6 3. g3 g6 4. d3 Bg7 5. Be3 d6 6. Qd2 e6 7. Bg2 b6 8. Nge2 Nge7 9. Bh6 Kf8 10. h4 d5 11. h5 d4 12. Nd1 e5 13. hxg6 hxg6 14. Bxg7+ Kxg7 15. Rxh8 Qxh8 16. f4 Qh2 17. Bf3 Bh3 18. Nf2 Bg2 19. Ng4 Qh3 20. Bxg2 Qxg2 21. O-O-O Rh8 22. Rg1 Qf3 23. Nxe5 Nxe5 24. fxe5 Rh2 25. Re1 Nc6 26. Qf4 Qh5 27. Qf6+ Kg8 28. Qxc6 Rxe2 29. Rxe2 Qxe2 30. b3 Qe1+ 31. Kb2 Qxg3 32. e6 fxe6 33. Qxe6+ Kg7 34. Qd7+ Kh6 35. Qxa7 Qd6 36. Qa8 Kg5 37. Qe8 Kf4 38. Qf7+ Ke3 39. Qd5 Qg3 40. e5 Kd2 41. e6 Qg1 42. Ka3 Kxc2 43. Qc4+ Kd2 44. e7 Qe1 45. Qf7 b5 46. Qf4+ Kc2 0-1


[Site "https://www.chess.com"]

[Event "Titled Tuesday Blitz July 11 Early 2023"]
[White "Shturman, Arseniy"]
[Black "Harriott, Tyrell"]
[WhiteFideId "34275797"]
[BlackFideId "2086484"]
[WhiteElo "2517"]
[BlackElo "2372"]
[Result "1-0"]
[Round "11"]
[TimeControl "180+2"]
[Date "2023.07.11"]
[WhiteClock "0:00:16"]
[BlackClock "0:00:14"]
[Board "106"]

1. e4 d5 2. exd5 Nf6 3. d4 Qxd5 4. Nc3 Qd6 5. Nf3 a6 6. Ne5 Nbd7 7. f4 g6 8. Bc4 e6 9. O-O Bg7 10. Be3 O-O 11. Qf3 Nb6 12. Bb3 Nbd5 13. Nxd5 Nxd5 14. c4 Nxe3 15. Qxe3 b6 16. c5 bxc5 17. dxc5 Qe7 18. Rfd1 a5 19. Rac1 Ba6 20. Rd7 Qf6 21. Rxc7 Rfc8 22. Rxc8+ Rxc8 23. c6 Qe7 24. Qc5 Qc7 25. g3 Bf8 26. Qe3 a4 27. Bc4 Bxc4 28. Rxc4 Rb8 29. Qd4 Rd8 30. Qf2 f6 31. Ng4 Be7 32. Qe3 Rd1+ 33. Kg2 Kf7 34. Nf2 Rd5 35. Qf3 Rd2 36. Qc3 Rd6 37. Ne4 Rd5 38. Rd4 Rxd4 39. Qxd4 Qxc6 40. Kf2 f5 41. Ng5+ Bxg5 42. fxg5 Qc2+ 43. Kf3 Qc6+ 44. Kf4 Qc7+ 45. Kf3 Qc6+ 46. Kf2 Qc2+ 47. Kf3 Qxh2 48. Qf6+ Ke8 49. Qxe6+ Kd8 50. Qd6+ Kc8 51. Qc6+ Kd8 52. Qxa4 Qh1+ 53. Kf4 Qf1+ 54. Ke5 Qe2+ 55. Kd6 Qe7+ 56. Kd5 Qxg5 57. Qa8+ Ke7 58. Qb7+ Ke8 59. Qc8+ Ke7 60. Qe6+ Kf8 61. Qd6+ Kg7 62. Ke6 Qe3+ 63. Qe5+ Qxe5+ 64. Kxe5 Kf7 65. a4 Ke7 66. a5 Kd7 67. Kf6 Kc6 68. b4 Kb5 69. Kg5 Ka6 70. Kf6 Kb5 71. Ke5 Ka6 72. Kd6 Kb5 73. Kc7 Ka6 74. Kc6 g5 75. b5+ Ka7 76. Kc7 f4 77. gxf4 gxf4 78. b6+ Ka6 79. b7 f3 80. b8=Q Kxa5 81. Qb6+ Ka4 82. Qc6+ Kb4 83. Qxf3 Kc5 84. Qh5+ Kd4 85. Qxh7 Ke3 86. Qd7 Kf4 87. Kd6 Kf3 88. Qe6 Kf4 89. Kd5 Kf3 90. Qf5+ Ke2 91. Kd4 Kd2 92. Qf2+ Kc1 93. Kc3 Kd1 94. Qf1# 1-0


[Site "https://www.chess.com"]

[Event "Titled Tuesday Blitz July 11 Early 2023"]
[White "Sebag, Marie"]
[Black "Nithyalakshmi, Sivanesan"]
[WhiteFideId "617822"]
[BlackFideId "5706955"]
[WhiteElo "2515"]
[BlackElo "2359"]
[Result "1-0"]
[Round "11"]
[TimeControl "180+2"]
[Date "2023.07.11"]
[WhiteClock "0:01:13"]
[BlackClock "0:00:14"]
[Board "107"]

1. d4 Nf6 2. c4 c5 3. d5 b5 4. cxb5 a6 5. e3 e6 6. Nc3 exd5 7. Nxd5 Bb7 8. e4 axb5 9. Nf3 Be7 10. Nxf6+ Bxf6 11. e5 Qe7 12. Bxb5 Bxe5 13. O-O O-O 14. Re1 d6 15. Bf4 Nc6 16. Bxc6 Bxc6 17. Bxe5 Bxf3 18. Bxd6 Bxd1 19. Bxe7 Rfe8 20. Raxd1 Ra7 21. Bxc5 1-0


[Site "https://www.chess.com"]

[Event "Titled Tuesday Blitz July 11 Early 2023"]
[White "Papayan, Oleg"]
[Black "Barbot, Pierre"]
[WhiteFideId "4193911"]
[BlackFideId "663727"]
[WhiteElo "2511"]
[BlackElo "2348"]
[Result "1-0"]
[Round "11"]
[TimeControl "180+2"]
[Date "2023.07.11"]
[WhiteClock "0:00:04"]
[BlackClock "0:00:00"]
[Board "108"]

1. Nf3 Nf6 2. c4 g6 3. Nc3 d5 4. cxd5 Nxd5 5. e4 Nxc3 6. dxc3 Qxd1+ 7. Kxd1 Bg7 8. Bf4 c6 9. Kc2 Nd7 10. Bc4 Nc5 11. Rhe1 b5 12. Bf1 Be6 13. Nd4 Bd7 14. e5 Bf5+ 15. Nxf5 gxf5 16. Rad1 O-O 17. b4 Ne6 18. Bc1 Rfd8 19. f4 a5 20. Rxd8+ Rxd8 21. Rd1 Ra8 22. Kb3 axb4 23. cxb4 f6 24. exf6 Bxf6 25. Be3 Nc7 26. Bd3 e6 27. Rc1 Nd5 28. Bd2 Ra6 29. g3 Kf7 30. a3 Ke7 31. Re1 Kd6 32. h3 Ra8 33. g4 fxg4 34. hxg4 Rg8 35. g5 Bd4 36. Bxh7 Rf8 37. Re4 Bg7 38. a4 bxa4+ 39. Kxa4 c5 40. bxc5+ Kxc5 41. Rxe6 Ra8+ 42. Kb3 Rb8+ 43. Kc2 Bd4 44. g6 Kc4 45. Rc6+ Kb5 46. Rd6 Kc5 47. Rd7 Rb2+ 48. Kd1 Kc4 49. g7 Nc3+ 50. Bxc3 Kxc3 51. g8=Q Rd2+ 52. Ke1 Bf2+ 53. Kf1 Rxd7 54. Qc8+ Rc7 55. Qxc7+ 1-0


[Site "https://www.chess.com"]

[Event "Titled Tuesday Blitz July 11 Early 2023"]
[White "slidingknight2775"]
[Black "Fernandez, Michael"]
[BlackFideId "5803560"]
[WhiteElo "2485"]
[BlackElo "2345"]
[Result "1/2-1/2"]
[Round "11"]
[TimeControl "180+2"]
[Date "2023.07.11"]
[WhiteClock "0:00:08"]
[BlackClock "0:00:07"]
[Board "109"]

1. Nf3 g6 2. c4 Bg7 3. Nc3 c6 4. g3 d5 5. cxd5 cxd5 6. d4 Nc6 7. Bg2 Bg4 8. O-O Bxf3 9. Bxf3 e6 10. e3 h5 11. h3 Nge7 12. b3 a6 13. Na4 Nf5 14. Bb2 O-O 15. Rc1 Rc8 16. Nc5 Nd6 17. Bg2 a5 18. a3 b6 19. Nd3 Qd7 20. a4 Ne4 21. Ba3 Rfd8 22. Re1 Ne7 23. Re2 Nc3 24. Rxc3 Rxc3 25. Bb2 Rcc8 26. g4 hxg4 27. hxg4 Nc6 28. Qd2 e5 29. Nxe5 Nxe5 30. dxe5 Qxg4 31. Bd4 Qe6 32. Re1 Bxe5 33. Rd1 Bxd4 34. Qxd4 Rc5 35. e4 Qd6 36. exd5 Rdc8 37. Qe3 Rc3 38. Rd3 Rxd3 39. Qxd3 Rc1+ 40. Bf1 Rc5 41. Bg2 Kf8 42. Qe3 Rc7 43. Bf3 Re7 44. Qd3 Ke8 45. Kg2 Qe5 46. d6 Rd7 47. Bc6 Kd8 48. Bxd7 Kxd7 49. Qf3 f5 50. Qb7+ Kxd6 51. Qxb6+ Kd7 52. Qa7+ Kd6 53. Qb6+ Kd7 54. Qxg6 Qd5+ 55. Kg3 Qxb3+ 56. f3 Qxa4 57. Qxf5+ Kc6 58. Qg6+ Kb5 59. Qe8+ Kb4 60. Qe7+ Kb3 61. f4 Qd4 62. f5 a4 63. f6 a3 64. f7 Qg7+ 65. Kf3 a2 66. f8=Q Qxf8+ 67. Qxf8 a1=Q 68. Qg8+ Ka3 69. Qa8+ Kb2 70. Qh8+ Ka2 71. Qxa1+ Kxa1 1/2-1/2


[Site "https://www.chess.com"]

[Event "Titled Tuesday Blitz July 11 Early 2023"]
[White "Okike, David"]
[Black "Baches Garcia, Guillermo"]
[WhiteFideId "8500134"]
[BlackFideId "2209764"]
[WhiteElo "2315"]
[BlackElo "2461"]
[Result "1-0"]
[Round "11"]
[TimeControl "180+2"]
[Date "2023.07.11"]
[WhiteClock "0:01:04"]
[BlackClock "0:00:00"]
[Board "110"]

1. e4 c5 2. Nf3 d6 3. d4 cxd4 4. Nxd4 Nf6 5. Nc3 Nc6 6. Bg5 e6 7. f3 Be7 8. h4 h6 9. Be3 h5 10. Bg5 a6 11. Qd2 Qb6 12. O-O-O Nxd4 13. Qxd4 Qxd4 14. Rxd4 b5 15. a3 Bb7 16. Be2 Rd8 17. Rhd1 O-O 18. f4 e5 19. fxe5 dxe5 20. Rxd8 Rxd8 21. Rxd8+ Bxd8 22. g3 Bb6 23. Bxf6 gxf6 24. Bxh5 Bf2 25. Bg4 Bxg3 26. h5 Be1 27. Nd5 Kg7 28. Kd1 Ba5 29. c3 Bd8 30. Ke2 Kh6 31. b3 Kg5 32. Bf3 Bxd5 33. exd5 Be7 34. a4 bxa4 35. bxa4 a5 36. Ke3 f5 37. Be2 f4+ 38. Ke4 Bd6 39. Kd3 f5 40. c4 e4+ 41. Kd4 f3 42. Bd1 Bh2 43. c5 Bg1+ 44. Kc4 Kf4 45. d6 e3 46. d7 e2 47. Bxe2 fxe2 48. d8=Q e1=Q 49. Qd6+ Kf3 50. Kb5 Qb4+ 51. Ka6 Qxa4 52. c6 Qc4+ 53. Kb7 Qb5+ 54. Kc8 Qa6+ 55. Kd7 Qb5 56. Kc8 Bb6 57. Qd1+ Kf2 58. Qc2+ Kf1 59. h6 1-0


[Site "https://www.chess.com"]

[Event "Titled Tuesday Blitz July 11 Early 2023"]
[White "Kukreja Sankalp"]
[Black "AndresDelgado77"]
[WhiteFideId "45027676"]
[WhiteElo "2425"]
[BlackElo "2300"]
[Result "0-1"]
[Round "11"]
[TimeControl "180+2"]
[Date "2023.07.11"]
[WhiteClock "0:02:25"]
[BlackClock "0:02:47"]
[Board "111"]

1. e4 e6 2. d4 d5 3. Nc3 Nf6 4. e5 Nfd7 5. f4 c5 6. Nf3 Nc6 7. Be3 Qb6 8. Rb1 cxd4 9. Bxd4 Nxd4 10. Nxd4 Bc5 11. Nb3 Bf2+ 12. Ke2 Qe3# 0-1


[Site "https://www.chess.com"]

[Event "Titled Tuesday Blitz July 11 Early 2023"]
[White "Nikologorsky, Matfei"]
[Black "Clawitter, Craig"]
[WhiteFideId "24102474"]
[BlackFideId "2023105"]
[WhiteElo "2412"]
[BlackElo "2298"]
[Result "1/2-1/2"]
[Round "11"]
[TimeControl "180+2"]
[Date "2023.07.11"]
[WhiteClock "0:00:33"]
[BlackClock "0:00:05"]
[Board "112"]

1. e4 e6 2. d4 d5 3. Nd2 Be7 4. Bd3 c5 5. exd5 Qxd5 6. dxc5 Nf6 7. Ngf3 Nbd7 8. c6 Qxc6 9. O-O O-O 10. Qe2 Nc5 11. Bb5 Qc7 12. Nb3 a6 13. Nxc5 Bxc5 14. Bd3 b5 15. Bg5 Bb7 16. Bxf6 gxf6 17. a4 Qf4 18. Nd2 f5 19. axb5 axb5 20. Rxa8 Rxa8 21. Bxb5 Kh8 22. Re1 Rg8 23. Qe5+ Qxe5 24. Rxe5 Rxg2+ 25. Kf1 Rxf2+ 26. Ke1 Bd4 27. Re2 Rxe2+ 28. Kxe2 Bxb2 29. Nc4 Bf6 30. Nd6 Be4 31. Nxe4 fxe4 32. Bc6 Be5 33. h3 f5 34. Bd7 Kg7 35. Bxe6 Kf6 36. Bg8 h6 37. Bh7 Bc3 38. Ke3 Kg5 39. Ke2 Kf4 40. Kf2 Bd4+ 41. Ke2 Bc3 42. Kf2 Bd4+ 43. Ke2 Bc3 1/2-1/2


[Site "https://www.chess.com"]

[Event "Titled Tuesday Blitz July 11 Early 2023"]
[White "Lopez Gracia, Fernando"]
[Black "Dwilewicz, Katarzyna"]
[WhiteFideId "2207184"]
[BlackFideId "1148486"]
[WhiteElo "2411"]
[BlackElo "2295"]
[Result "0-1"]
[Round "11"]
[TimeControl "180+2"]
[Date "2023.07.11"]
[WhiteClock "0:00:13"]
[BlackClock "0:00:09"]
[Board "113"]

1. e4 c5 2. Nf3 d6 3. d4 cxd4 4. Nxd4 Nf6 5. Nc3 a6 6. h3 e5 7. Nb3 Nc6 8. g4 b5 9. Bg2 Bb7 10. g5 Nd7 11. Be3 Be7 12. h4 O-O 13. Nd5 Nc5 14. Nxc5 dxc5 15. c3 Na5 16. b3 Bd6 17. Qg4 Bxd5 18. exd5 f5 19. gxf6 Qxf6 20. O-O-O e4 21. Qe6+ Qxe6 22. dxe6 Be5 23. Bxc5 Rfc8 24. b4 Bxc3 25. Bxe4 Bxb4 26. Bxa8 Bxc5 27. Bd5 Kf8 28. Rh3 Ke7 29. Rf3 Bd4+ 30. Kb1 Bf6 31. Re3 Bxh4 32. Bb7 Rc7 33. Bxa6 Nc4 34. Red3 Kxe6 35. Bxb5 Rb7 36. a4 Bf6 37. Ka2 Ne5 38. Rd6+ Kf5 39. R1d5 h5 40. Ka3 h4 41. f3 h3 42. Bd7+ Rxd7 43. Rxd7 h2 44. Rxe5+ Bxe5 45. Rd1 Bd4 46. Rh1 Bg1 47. a5 Kf4 48. a6 Kg3 49. Ka4 Kg2 50. Rxh2+ Kxh2 51. f4 Kg3 52. f5 Kg4 53. Kb5 Kxf5 54. Kc6 g5 55. Kb7 g4 56. a7 Bxa7 57. Kxa7 g3 58. Ka6 g2 59. Kb5 g1=Q 60. Kc4 Qd1 61. Kc3 Ke4 62. Kb4 Kd4 63. Ka3 Qd3+ 64. Kb4 Qc2 65. Kb5 Qc5+ 66. Ka4 Qb6 67. Ka3 Kc3 68. Ka2 Qb2# 0-1


[Site "https://www.chess.com"]

[Event "Titled Tuesday Blitz July 11 Early 2023"]
[White "Blokhin, Sofia"]
[Black "Topalov, Aleksandar"]
[WhiteFideId "4508190"]
[BlackFideId "925659"]
[WhiteElo "2293"]
[BlackElo "2410"]
[Result "1-0"]
[Round "11"]
[TimeControl "180+2"]
[Date "2023.07.11"]
[WhiteClock "0:00:31"]
[BlackClock "0:00:25"]
[Board "114"]

1. e4 e6 2. d4 d5 3. e5 Ne7 4. c3 Qd7 5. Nf3 b6 6. a4 a5 7. Na3 Ba6 8. Nb5 Ng6 9. Bd3 c6 10. Na3 Bxd3 11. Qxd3 Be7 12. O-O O-O 13. g3 c5 14. Nb5 Nc6 15. Bd2 Na7 16. Nxa7 Rxa7 17. h4 Rc8 18. h5 Nf8 19. h6 g6 20. Bg5 Rac7 21. Bxe7 Qxe7 22. Qe3 Nd7 23. Rad1 cxd4 24. Rxd4 Rc4 25. Rfd1 Qc5 26. Qg5 Kf8 27. Nh2 Qe7 28. Qf4 Kg8 29. Ng4 Qf8 30. Qg5 Qe8 31. Kg2 Qf8 32. f4 Rxd4 33. Rxd4 Qd8 34. Qxd8+ Rxd8 35. c4 Nc5 36. cxd5 Rxd5 37. Nf6+ 1-0


[Site "https://www.chess.com"]

[Event "Titled Tuesday Blitz July 11 Early 2023"]
[White "Tagliata"]
[Black "Mazurkiewicz, Michal"]
[BlackFideId "1124943"]
[WhiteElo "2227"]
[BlackElo "2408"]
[Result "0-1"]
[Round "11"]
[TimeControl "180+2"]
[Date "2023.07.11"]
[WhiteClock "0:00:28"]
[BlackClock "0:00:17"]
[Board "115"]

1. e4 d6 2. d4 Nf6 3. Nc3 c6 4. Nf3 Bg4 5. Be2 e6 6. h3 Bh5 7. O-O d5 8. e5 Nfd7 9. Nd2 Bg6 10. Bd3 c5 11. Nf3 Nc6 12. Ne2 cxd4 13. Bf4 Qb6 14. Rb1 Be4 15. a3 Bxf3 16. gxf3 Ndxe5 17. Kg2 Be7 18. b4 Bf6 19. b5 Nxd3 20. Qxd3 Ne5 21. Qxd4 Nxf3 22. Qxb6 Nh4+ 23. Kg3 Nf5+ 24. Kg2 axb6 25. Rb3 Kd7 26. Ng3 Nxg3 27. fxg3 Rhc8 28. Rf2 Rc4 29. Be3 Rac8 30. Bxb6 Rxc2 31. a4 Rxf2+ 32. Kxf2 Rc2+ 33. Kg1 Ra2 34. a5 Bd8 35. Rc3 Rb2 36. Bxd8 Kxd8 37. b6 Ra2 38. Rc7 Rxa5 39. Rxb7 Rb5 40. Rxf7 Rxb6 41. Rxg7 d4 42. Kf2 e5 43. Rxh7 e4 44. Rh4 Re6 45. Ke2 Kd7 46. Rf4 Kd6 47. h4 Kd5 48. Rf5+ Kc4 49. Rf8 e3 50. Rc8+ Kd5 51. Kd3 e2 52. Rd8+ Kc6 53. Rc8+ Kd7 54. Rc1 e1=Q 55. Rxe1 Rxe1 56. Kxd4 Rg1 57. Ke4 Rxg3 58. Kf5 Ke7 59. h5 Kf7 0-1


[Site "https://www.chess.com"]

[Event "Titled Tuesday Blitz July 11 Early 2023"]
[White "Gaal, Zsoka"]
[Black "Matute Escobar, Roxanny"]
[WhiteFideId "777765"]
[BlackFideId "3926028"]
[WhiteElo "2407"]
[BlackElo "2222"]
[Result "1-0"]
[Round "11"]
[TimeControl "180+2"]
[Date "2023.07.11"]
[WhiteClock "0:02:29"]
[BlackClock "0:00:53"]
[Board "116"]

1. g3 g6 2. Bg2 Bg7 3. Nf3 d5 4. O-O Nf6 5. d4 O-O 6. b3 c5 7. Bb2 cxd4 8. Nxd4 Nc6 9. Nxc6 bxc6 10. c4 Bf5 11. Nc3 Rb8 12. cxd5 cxd5 13. Nxd5 Nxd5 14. Bxg7 Kxg7 15. Qxd5 Qxd5 16. Bxd5 Rfd8 17. Bf3 Rd2 18. Rfd1 Rbd8 19. e4 Be6 20. Kf1 Rxd1+ 21. Rxd1 Rc8 22. Ke2 a5 23. Kd2 a4 24. Rb1 axb3 25. axb3 Kf6 26. b4 Ke5 27. b5 Kd4 28. b6 Rb8 29. b7 Bc4 30. Rb4 Kc5 31. Kc3 Bf1 32. e5 f6 33. exf6 exf6 34. Ra4 Kb6 35. Ra8 Kc7 36. Kd4 Bb5 37. Kc5 Bd7 38. Rxb8 Kxb8 39. Kd6 Bf5 40. Ke7 1-0


[Site "https://www.chess.com"]

[Event "Titled Tuesday Blitz July 11 Early 2023"]
[White "Novikova, Margarita"]
[Black "whiteglovethief"]
[WhiteFideId "14109689"]
[WhiteElo "2205"]
[BlackElo "2407"]
[Result "0-1"]
[Round "11"]
[TimeControl "180+2"]
[Date "2023.07.11"]
[WhiteClock "0:01:49"]
[BlackClock "0:01:21"]
[Board "117"]

1. e4 d5 2. exd5 Qxd5 3. Nc3 Qa5 4. Nf3 Nf6 5. Bc4 Bg4 6. h3 Bxf3 7. Qxf3 c6 8. O-O e6 9. d4 Bb4 10. Bg5 Qxg5 11. a3 Bxc3 12. bxc3 O-O 13. Rab1 b5 14. Bd3 Qd5 15. Qe2 Nbd7 16. f4 Nb6 17. f5 Rae8 18. Qd2 Nc4 19. Qc1 exf5 20. Rxf5 Qe6 21. Kh1 g6 22. Rf3 Ne4 23. Qf1 Ned2 24. Bxc4 bxc4 25. Qf2 Nxb1 26. Rf6 Qe1+ 0-1


[Site "https://www.chess.com"]

[Event "Titled Tuesday Blitz July 11 Early 2023"]
[White "Szyszylo, Rafal"]
[Black "Schachpanda_Youtube"]
[WhiteFideId "1109626"]
[WhiteElo "2401"]
[BlackElo "2197"]
[Result "0-1"]
[Round "11"]
[TimeControl "180+2"]
[Date "2023.07.11"]
[WhiteClock "0:00:00"]
[BlackClock "0:00:18"]
[Board "118"]

1. e4 c6 2. d4 d5 3. e5 c5 4. dxc5 e6 5. Nf3 Bxc5 6. Bd3 Nc6 7. O-O Nge7 8. Nbd2 Ng6 9. Nb3 Bb6 10. Re1 O-O 11. Be3 Bd7 12. g3 Bc7 13. Bd4 Nxd4 14. Nbxd4 Re8 15. h4 f6 16. Bxg6 hxg6 17. Qd3 Kf7 18. Re3 Bb6 19. Rae1 Rc8 20. c3 Rc4 21. b3 Rc8 22. a4 a6 23. Qd2 Qc7 24. Kg2 Bc5 25. b4 Ba7 26. a5 b6 27. axb6 Bxb6 28. Qa2 a5 29. b5 Qc4 30. Qd2 a4 31. Ra1 Ra8 32. Qb2 Bc5 33. b6 Reb8 34. b7 Ra7 35. exf6 gxf6 36. Qd2 Raxb7 37. h5 g5 38. Qc2 Rg8 39. Qh7+ Rg7 40. Qh6 e5 41. Ne2 Bxe3 42. fxe3 Qxe2+ 43. Kg1 Qxf3 44. Rf1 Qxg3+ 45. Kh1 d4 46. Qxf6+ Kg8 47. Qf8+ Kh7 48. h6 Bc6+ 0-1


[Site "https://www.chess.com"]